 Dungeon Crawl Stone Soup version 0.31-a0-188-g5e087ee2ca (webtiles) character file.

Game seed: 9535749039939892120

252 qw the Skirmisher (level 5, 0/30 HPs)
             Began as a Deep Elf Hunter on June 23, 2023.
             Slain by Pikel
             ... wielding a +2 whip of freezing
              (7 damage)
             ... on level 4 of the Dungeon.
             The game lasted 00:01:10 (2600 turns).

qw the Skirmisher (Deep Elf Hunter)                 Turns: 2600, Time: 00:01:11

Health: 0/30       AC:  5    Str: 10    XL:     5   Next: 89%
Magic:  7/7        EV: 11    Int: 14    God:
Gold:   149        SH:  0    Dex: 18    Spells: 4/4 levels left

rFire   . . .        Y - +0 shortbow
rCold   . . .        (shield currently unavailable)
rNeg    . . .        b - +0 ring mail
rPois   +            (no helmet)
rElec   .            (no cloak)
rCorr   .            (no gloves)
SInv    .            (no boots)
Will    .....        (no amulet)
Stlth   +            a - ring of poison resistance
HPRegen 0.25/turn    (no ring)
MPRegen 0.10/turn

%: no passive effects
@: no status effects
A: no striking features
a: no special abilities


You were on level 4 of the Dungeon.
You visited 1 branch of the dungeon, and saw 4 of its levels.

You collected 149 gold pieces.


   Skills:
 + Level 1.6 Fighting
 - Level 9.4 Ranged Weapons
 - Level 2.4 Dodging
 - Level 1.2 Stealth


You had 4 spell levels left.
You didn't know any spells.
Your spell library was empty.

Inventory:

Hand Weapons
 Y - a +0 shortbow (weapon)
Armour
 b - a +0 ring mail (worn)
Jewellery
 a - a ring of poison resistance (left hand)
 f - the amulet "Gouh Qug" {rF+ Regen+ SInv}
   (You found it on level 4 of the Dungeon)

   [amulet of regeneration]

   rF:        It protects you from fire.
   SInv:      It lets you see invisible.
   Regen:     It increases your rate of health regeneration.
Wands
 d - a wand of digging (2)
Scrolls
 g - a scroll of identify
Potions
 c - a potion of brilliance {unknown}
 e - a potion of degeneration {unknown}
 j - a potion of curing

Dungeon Overview and Level Annotations

Branches:
Dungeon (4/15)
 Temple: D:4-7

Altars:

Annotations:
D:4 Pikel


Message History

The lemure hits you.
You shoot an arrow. The arrow hits the lemure!
The lemure is moderately wounded.
A scorpion comes into view.
The lemure barely misses you.
You shoot an arrow.
The arrow hits the lemure but does no damage.
The lemure is moderately wounded.
The lemure closely misses you.
You shoot an arrow. The arrow hits the lemure.
The lemure is heavily wounded.
The lemure hits you but does no damage.
You shoot an arrow.
The arrow hits the lemure but does no damage.
The lemure is heavily wounded.
You shoot an arrow. The arrow hits Pikel.
Pikel is lightly wounded.
You shoot an arrow. The arrow closely misses Pikel.
Pikel hits you but does no damage.
You shoot an arrow. The arrow barely misses Pikel.
Pikel hits you with a +2 whip of freezing.
Pikel freezes you.
You shoot an arrow. The arrow closely misses Pikel.
Pikel hits you with a +2 whip of freezing!
Pikel freezes you.
Pikel hits you with a +2 whip of freezing.
Pikel freezes you.
You shoot an arrow. The arrow hits Pikel.
Pikel is lightly wounded.
Pikel misses you.
You shoot an arrow. The arrow hits Pikel.
Pikel is moderately wounded.
Pikel misses you.
You shoot an arrow. The arrow hits Pikel.
Pikel is moderately wounded.
Pikel barely misses you.
You shoot an arrow. The arrow hits Pikel.
Pikel is moderately wounded.
Pikel hits you with a +2 whip of freezing!
You die...

##### #K@.##
#5###.## 55
##.######### # ...
#.........# # #.#
##.#######.# # .
#..# #.# #
..#.##### #.#####
.#.......###......
# .
#.##......##..#


You could see Pikel and 3 lemures.

Vanquished Creatures
  An ogre (D:4)
  A hound (D:4)
  4 adders
  A worm (D:3)
  7 dart slugs
  3 orcs
  6 bats
  9 endoplasms
  A giant cockroach (D:1)
  6 goblins
  7 hobgoblins
  12 jackals
  6 kobolds
  2 quokkas (D:3)
  7 ball pythons
  4 frilled lizards (D:1)
  6 rats
83 creatures vanquished.

Notes
Turn   | Place    | Note
-------+----------+-------------------------------------------
     0 | D:1      | qw the Deep Elf Hunter began the quest for the Orb.
     0 | D:1      | Reached XP level 1. HP: 12/12 MP: 3/3
     0 | D:1      | 0 ||| qw: Version: 0.3-a-9-g12657ce
     0 | D:1      | 0 ||| qw: Game counter: 3749
     0 | D:1      | 0 ||| qw: Always use a shield: true
     0 | D:1      | 0 ||| qw: God list: Okawaru
     0 | D:1      | 0 ||| qw: Allow faded altars: false
     0 | D:1      | 0 ||| qw: Do Orc after D:15 true
     0 | D:1      | 0 ||| qw: Do second Lair branch before Depths: true
     0 | D:1      | 0 ||| qw: Lair rune preference: random
     0 | D:1      | 0 ||| qw: Plans: Normal
     0 | D:1      | 0 ||| PLANNING D:1-11
    28 | D:1      | Reached skill level 6 in Ranged Weapons
    28 | D:1      | Reached XP level 2. HP: 16/16 MP: 4/4
   213 | D:1      | Found a faded altar of an unknown god.
   262 | D:1      | Reached XP level 3. HP: 20/20 MP: 5/5
   754 | D:1      | 754 ||| READING scroll labelled GAWIWUPHA EHIPP.
   773 | D:1      | 773 ||| READING scroll labelled QADIHYW GESOKI.
   810 | D:1      | 810 ||| READING scroll labelled VIEFRA BUNONUH.
   811 | D:1      | 811 ||| READING scroll labelled GUZOXI ILURI.
   812 | D:1      | 812 ||| READING scroll labelled PUPSOA XIDO.
   813 | D:1      | 813 ||| DRINKING 2 fizzy yellow potions.
   815 | D:1      | 815 ||| DROPPING scroll of butterflies.
   816 | D:1      | 816 ||| DROPPING potion of attraction.
   858 | D:2      | Reached skill level 7 in Ranged Weapons
  1198 | D:2      | 1198 ||| UPGRADING to +0 ring mail.
  1208 | D:2      | 1208 ||| DROPPING +0 leather armour.
  1209 | D:2      | 1209 ||| READING 2 scrolls labelled UTRODOMEVI.
  1216 | D:2      | 1216 ||| READING scroll labelled DIOZENUEDE.
  1217 | D:2      | 1217 ||| DROPPING scroll of vulnerability.
  1532 | D:2      | 1532 ||| DROPPING ring of magical power.
  1533 | D:2      | 1533 ||| READING scroll labelled QOAKKU XOOFUC.
  1534 | D:2      | 1534 ||| READING scroll labelled MISTRE WEOLIHE.
  1558 | D:3      | Reached XP level 4. HP: 19/25 MP: 6/6
  1934 | D:3      | Reached skill level 8 in Ranged Weapons
  2144 | D:3      | 2144 ||| UPGRADING to ring of poison resistance.
  2145 | D:3      | 2145 ||| DRINKING 2 clear potions.
  2160 | D:4      | 2160 ||| PLANNING OSSUARY
  2270 | D:4      | Reached XP level 5. HP: 22/29 MP: 7/7
  2270 | D:4      | 2270 ||| FLEEEEING.
  2271 | D:4      | 2271 ||| FLEEEEING.
  2272 | D:4      | 2272 ||| FLEEEEING.
  2273 | D:4      | 2273 ||| FLEEEEING.
  2274 | D:4      | 2274 ||| FLEEEEING.
  2275 | D:4      | 2275 ||| FLEEEEING.
  2276 | D:4      | 2276 ||| FLEEEEING.
  2277 | D:4      | 2277 ||| FLEEEEING.
  2278 | D:4      | 2278 ||| FLEEEEING.
  2279 | D:4      | 2279 ||| FLEEEEING.
  2280 | D:4      | 2280 ||| FLEEEEING.
  2281 | D:4      | 2281 ||| FLEEEEING.
  2282 | D:4      | 2282 ||| FLEEEEING.
  2283 | D:4      | 2283 ||| FLEEEEING.
  2284 | D:4      | 2284 ||| FLEEEEING.
  2285 | D:4      | 2285 ||| FLEEEEING.
  2286 | D:4      | 2286 ||| FLEEEEING.
  2287 | D:4      | 2287 ||| FLEEEEING.
  2437 | D:4      | Noticed an ogre
  2448 | D:4      | Killed an ogre
  2449 | D:4      | Reached skill level 9 in Ranged Weapons
  2482 | D:4      | Identified the amulet "Gouh Qug" {rF+ Regen+ SInv}
  2583 | D:4      | Noticed a lemure
  2583 | D:4      | Noticed a lemure
  2583 | D:4      | Noticed a lemure
  2585 | D:4      | Noticed Pikel
  2586 | D:4      | Noticed a lemure
  2596 | D:4      | HP: 6/30 [Pikel/+2 whip of freezing (2)]
  2600 | D:4      | Slain by Pikel

Levels and vault maps discovered:
D:1:      lightli_molten_gateway, layout_basic,
          shapermc_ecumenical_altar_totnotflames, chequers_garden
D:2:      layout_loops_ring, minmay_heptomino_d4
D:3:      layout_basic
D:4:      layout_loops_corners, enter_ossuary_1, hangedman_decor_peaks_small,
          nicolae_elevator_lobby_plus, uniq_pikel

Skill      XL: |  1  2  3  4  5 |
---------------+----------------+-----
Ranged Weapons | 6 7 8 9 |  9.4
Fighting       | |  1.6
Dodging        | |  2.4
Stealth        | |  1.2

Action                     |  1- 3 |  4- 6 || total
---------------------------+-------+-------++-------
   Fire: Shortbow          |   131 |   124 ||   255
    Use: Scroll            |     9 |       ||     9
         Potion            |     1 |     1 ||     2
 Armour: Leather armour    |    10 |       ||    10
         Ring mail         |     1 |    16 ||    17
  Dodge: Dodged            |    22 |    33 ||    55

Table legend:
 A = Non-vault XP
 B = Vault XP
 C = Vault XP percentage of total XP
 D = Non-vault monster count
 E = Vault monster count
 F = Vault count percentage of total count
                 A         B        C        D         E       F
            +---------+---------+-------+---------+---------+-------
      Total |     356 |       4 |   1.1 |      81 |       2 |   2.4
            +---------+---------+-------+---------+---------+-------
        D:1 |      57 |       0 |   0.0 |      31 |       0 |   0.0
        D:2 |      29 |       4 |  12.1 |      16 |       2 |  11.1
        D:3 |      83 |       0 |   0.0 |      23 |       0 |   0.0
        D:4 |     187 |       0 |   0.0 |      11 |       0 |   0.0
            +---------+---------+-------+---------+---------+-------
